AoeStats
← StormBlessed

Arena

510162957Analyzed
1v1 RM · 2d ago on Sep 29, 2026· 29m 52s· 2 players
Game mode
Random Map
Map size
Tiny (2 player)
Population
200
Speed
Normal
Resources
Standard
Victory
Conquest
Starting age
Dark Age
Ending age
Imperial Age
RankedLock teamsTeams togetherTeam positionsShared explorationLock speedFull tech treeHidden civsTurbo modeCheats
Victory
Defeat
🇫🇷 Ethiopians · France
929
+16
🇺🇸 Lithuanians · United States
928
-16
StormBlessed
10:53 Feudal Age
12:03 Double-Bit Axe
14:56 Castle Age
14:34 Horse Collar
15:40 Bloodlines
17:43 Scale Barding Armor
25:21 Wheelbarrow
24:49 Heavy Plow
26:18 Bow Saw
27:00 Gold Mining
27:47 Fletching
28:18 Chain Barding Armor
28:09 Forging
31:37 Imperial Age
29:34 Husbandry
29:28 Stone Mining
Fr|DarkAngel
10:28 Feudal Age
11:50 Double-Bit Axe
14:39 Castle Age
13:38 Horse Collar
16:58 Loom
19:53 Loom
21:26 Squires
25:28 Wheelbarrow
24:41 Town Watch
25:14 Fletching
26:12 Bow Saw
29:22 Imperial Age
27:27 Bodkin Arrow
28:20 Heavy Plow
28:13 Gold Mining
29:39 Padded Archer Armor
30:12 Scale Mail Armor
Connection lost

Rejoining the realm…

Still unreachable

The connection could not be restored.

Session expired

The server has moved on; the page needs a fresh start.